Workbook

Sheet Base CFOP
B1: Preencher todos os campos
B2: Não alterar nenhuma informação dos campos que constam o Preenhcimento Automático
B3: Enviar por e-mail o Certificado Digital A1 em anexo a este documento | O3: Dados do Regime Fiscal
A5: Nome Depto Fiscal (nomear conforme regra Fiscal e de acordo com o tipo de produto e origem)* | B5: CFOP ** | C5: Descrição Resumida do CFOP (Preenhcimento Automático) | D5: ICMS CST** | E5: Consumidor Final** | F5: PIS CST** | G5: Descrição Resumida PIS CST (Preenhcimento Automático) | H5: PIS ALÍQUOTA % ** | I5: COFINS CST ** | J5: Descrição Resumida COFINS CST (Preenhcimento Automático) | K5: COFINS ALÍQUOTA % ** | L5: CST IPI ** | M5: Descrição Resumida IPI | N5: IPI ALÍQUOTA % ** | O5: Regime Fiscal ** | P5: Para modelo de NF, qual será descrição?** | Q5: Qual o Primeiro nº da Nota Fiscal? ** | R5: Qual a série da Nota Fiscal que será utilizado? ** | S5: Enviar o Certificado Digital. ** Abaixo, preencher a senha
C10: =IF(B10="","",VLOOKUP(B10,CFOP!A:B,2,0)) | G10: =IF(F10="","",VLOOKUP(F10,'PIS_COFINS CST'!A:B,2,0)) | J10: =IF(I10="","",VLOOKUP(I10,'PIS_COFINS CST'!A:B,2,0)) | M10: =IF(L10="","",VLOOKUP(L10,'Tabela CST – IPI'!A:B,2,0))
C11: =IF(B11="","",VLOOKUP(B11,CFOP!A:B,2,0)) | G11: =IF(F11="","",VLOOKUP(F11,'PIS_COFINS CST'!A:B,2,0)) | J11: =IF(I11="","",VLOOKUP(I11,'PIS_COFINS CST'!A:B,2,0)) | M11: =IF(L11="","",VLOOKUP(L11,'Tabela CST – IPI'!A:B,2,0))
C12: =IF(B12="","",VLOOKUP(B12,CFOP!A:B,2,0)) | G12: =IF(F12="","",VLOOKUP(F12,'PIS_COFINS CST'!A:B,2,0)) | J12: =IF(I12="","",VLOOKUP(I12,'PIS_COFINS CST'!A:B,2,0)) | M12: =IF(L12="","",VLOOKUP(L12,'Tabela CST – IPI'!A:B,2,0))
C13: =IF(B13="","",VLOOKUP(B13,CFOP!A:B,2,0)) | G13: =IF(F13="","",VLOOKUP(F13,'PIS_COFINS CST'!A:B,2,0)) | J13: =IF(I13="","",VLOOKUP(I13,'PIS_COFINS CST'!A:B,2,0)) | M13: =IF(L13="","",VLOOKUP(L13,'Tabela CST – IPI'!A:B,2,0))
C14: =IF(B14="","",VLOOKUP(B14,CFOP!A:B,2,0)) | G14: =IF(F14="","",VLOOKUP(F14,'PIS_COFINS CST'!A:B,2,0)) | J14: =IF(I14="","",VLOOKUP(I14,'PIS_COFINS CST'!A:B,2,0)) | M14: =IF(L14="","",VLOOKUP(L14,'Tabela CST – IPI'!A:B,2,0))
C15: =IF(B15="","",VLOOKUP(B15,CFOP!A:B,2,0)) | G15: =IF(F15="","",VLOOKUP(F15,'PIS_COFINS CST'!A:B,2,0)) | J15: =IF(I15="","",VLOOKUP(I15,'PIS_COFINS CST'!A:B,2,0)) | M15: =IF(L15="","",VLOOKUP(L15,'Tabela CST – IPI'!A:B,2,0))
C16: =IF(B16="","",VLOOKUP(B16,CFOP!A:B,2,0)) | G16: =IF(F16="","",VLOOKUP(F16,'PIS_COFINS CST'!A:B,2,0)) | J16: =IF(I16="","",VLOOKUP(I16,'PIS_COFINS CST'!A:B,2,0)) | M16: =IF(L16="","",VLOOKUP(L16,'Tabela CST – IPI'!A:B,2,0))
C17: =IF(B17="","",VLOOKUP(B17,CFOP!A:B,2,0)) | G17: =IF(F17="","",VLOOKUP(F17,'PIS_COFINS CST'!A:B,2,0)) | J17: =IF(I17="","",VLOOKUP(I17,'PIS_COFINS CST'!A:B,2,0)) | M17: =IF(L17="","",VLOOKUP(L17,'Tabela CST – IPI'!A:B,2,0))
C18: =IF(B18="","",VLOOKUP(B18,CFOP!A:B,2,0)) | G18: =IF(F18="","",VLOOKUP(F18,'PIS_COFINS CST'!A:B,2,0)) | J18: =IF(I18="","",VLOOKUP(I18,'PIS_COFINS CST'!A:B,2,0)) | M18: =IF(L18="","",VLOOKUP(L18,'Tabela CST – IPI'!A:B,2,0))
C19: =IF(B19="","",VLOOKUP(B19,CFOP!A:B,2,0)) | G19: =IF(F19="","",VLOOKUP(F19,'PIS_COFINS CST'!A:B,2,0)) | J19: =IF(I19="","",VLOOKUP(I19,'PIS_COFINS CST'!A:B,2,0)) | M19: =IF(L19="","",VLOOKUP(L19,'Tabela CST – IPI'!A:B,2,0))
C20: =IF(B20="","",VLOOKUP(B20,CFOP!A:B,2,0)) | G20: =IF(F20="","",VLOOKUP(F20,'PIS_COFINS CST'!A:B,2,0)) | J20: =IF(I20="","",VLOOKUP(I20,'PIS_COFINS CST'!A:B,2,0)) | M20: =IF(L20="","",VLOOKUP(L20,'Tabela CST – IPI'!A:B,2,0))
C21: =IF(B21="","",VLOOKUP(B21,CFOP!A:B,2,0)) | G21: =IF(F21="","",VLOOKUP(F21,'PIS_COFINS CST'!A:B,2,0)) | J21: =IF(I21="","",VLOOKUP(I21,'PIS_COFINS CST'!A:B,2,0)) | M21: =IF(L21="","",VLOOKUP(L21,'Tabela CST – IPI'!A:B,2,0))
... C30: =IF(B30="","",VLOOKUP(B30,CFOP!A:B,2,0)) | G30: =IF(F30="","",VLOOKUP(F30,'PIS_COFINS CST'!A:B,2,0)) | J30: =IF(I30="","",VLOOKUP(I30,'PIS_COFINS CST'!A:B,2,0)) | M30: =IF(L30="","",VLOOKUP(L30,'Tabela CST – IPI'!A:B,2,0))

Sheet ICMS
B1: Preencher todos os campos
A3: Nome Depto Fiscal (nomear conforme regra Fiscal e de acordo com o tipo de produto e origem)* | B3: Estado | C3: Aliquota ICMS % | D3: Aliquota Fundo Estadual de Combate à Pobreza e às Desigualdades Sociais % | E3: Percentual da Redução de BC do ICMS % | F3: Percentual da Redução de BC do ICMS ST % | G3: Percentual da margem de valor Adicionado do ICMS ST % | H3: Modalidade da Base de Calculo ICMS | I3: Modalidade da Base de Calculo ICMS ST | J3: Pporcentual de redução do Difal
B4: AC
B5: AL
B6: AP
B7: AM
B8: BA
B9: CE
B10: DF
B11: ES
B12: GO
B13: MA
B14: MT
B15: MS
... B57: TO

Sheet Estados
B1: Estado | C1: UF
A2: 1 | B2: Acre | C2: AC
A3: 2 | B3: Alagoas | C3: AL
A4: 3 | B4: Amapá | C4: AP
A5: 4 | B5: Amazonas | C5: AM
A6: 5 | B6: Bahia | C6: BA
A7: 6 | B7: Ceará | C7: CE
A8: 7 | B8: Distrito Federal | C8: DF
A9: 8 | B9: Espírito Santo | C9: ES
A10: 9 | B10: Goiás | C10: GO
A11: 10 | B11: Maranhão | C11: MA
A12: 11 | B12: Mato Grosso | C12: MT
A13: 12 | B13: Mato Grosso do Sul | C13: MS
... A28: 27 | B28: Tocantins | C28: TO

Sheet ICMS CST
A1: Origem | B1: Detalhamento
B2: N/A
A3: 0 | B3: 0
A4: 1 | B4: 10
A5: 2 | B5: 20
A6: 3 | B6: 30
A7: 4 | B7: 40
A8: 5 | B8: 41
A9: 6 | B9: 50
A10: 7 | B10: 51
A11: 8 | B11: 60
B12: 70
B13: 90
B14: 101
B15: 102
B16: 103
B17: 201
B18: 202
B19: 203
B20: 300
B21: 400
B22: 500
B23: 900

Sheet Dados ICMS
A1: Modalidade da Base de Calculo ICMS | C1: Modalidade da Base de Calculo ICMS ST | E1: Estados
A2: Margem Valor Agregado (%) | C2: Lista Negativa (valor) | E2: AC
A3: Pauta (Valor) | C3: Lista Neutra (valor) | E3: AL
A4: Preço Tabelado Máx (valor) | C4: Lista Positiva (valor) | E4: AP
A5: Valor da operação | C5: Margem Valor Agregado (%) | E5: AM
C6: Pauta (Valor) | E6: BA
C7: Preço Tabelado ou Máximo Sugerido | E7: CE
E8: DF
E9: ES
E10: GO
E11: MA
E12: MT
E13: MS
E14: MG
E15: PA
E16: PB
E17: PR
E18: PE
E19: PI
... E28: TO

Sheet CFOP
A1: CFOP | B1: Descrição Resumida do CFOP
A2: 1101 | B2: Compra p/ industrialização ou produção rural
A3: 1102 | B3: Compra p/ comercialização
A4: 1111 | B4: Compra p/ industrialização de mercadoria recebida anteriormente em consignação industrial
A5: 1113 | B5: Compra p/ comercialização, de mercadoria recebida anteriormente em consignação mercantil
A6: 1116 | B6: Compra p/ industrialização ou produção rural originada de encomenda p/ recebimento futuro
A7: 1117 | B7: Compra p/ comercialização originada de encomenda p/ recebimento futuro
A8: 1118 | B8: Compra de mercadoria p/ comercialização pelo adquirente originário, entregue pelo vendedor remetente ao destinatário, em venda à ordem.
A9: 1120 | B9: Compra p/ industrialização, em venda à ordem, já recebida do vendedor remetente
A10: 1121 | B10: Compra p/ comercialização, em venda à ordem, já recebida do vendedor remetente
A11: 1122 | B11: Compra p/ industrialização em que a mercadoria foi remetida pelo fornecedor ao industrializador sem transitar pelo estabelecimento adquirente
A12: 1124 | B12: Industrialização efetuada por outra empresa
A13: 1125 | B13: Industrialização efetuada por outra empresa quando a mercadoria remetida p/ utilização no processo de industrialização não transitou pelo estabelecimento adquirente da mercadoria
... A582: 7949 | B582: Outra saída de mercadoria ou prestação de serviço não especificado

Sheet PIS_COFINS CST
A1: Código | B1: Descrição PIS_COFINS
A2: 1 | B2: Operação Tributável com Alíquota Básica
A3: 2 | B3: Operação Tributável com Alíquota Diferenciada
A4: 3 | B4: Operação Tributável com Alíquota por Unidade de Medida de Produto
A5: 4 | B5: Operação Tributável Monofásica – Revenda a Alíquota Zero
A6: 5 | B6: Operação Tributável por Substituição Tributária
A7: 6 | B7: Operação Tributável a Alíquota Zero
A8: 7 | B8: Operação Isenta da Contribuição
A9: 8 | B9: Operação sem Incidência da Contribuição
A10: 9 | B10: Operação com Suspensão da Contribuição
A11: 49 | B11: Outras Operações de Saída
A12: 50 | B12: Operação com Direito a Crédito – Vinculado Exclusivamente a Receita Tributada no Mercado Interno
A13: 51 | B13: Operação com Direito a Crédito – Vinculado Exclusivamente a Receita Não Tributada no Mercado Interno
... A34: 99 | B34: Outras Operações

Sheet Tabela CST – IPI
B1: CÓDIGO DA SITUAÇÃO TRIBUTÁRIA REFERENTE AO | C1: 0
B2: IMPOSTO SOBRE PRODUTOS INDUSTRIALIZADOS (CST-IPI): | C2: 1
A3: 0 | B3: Entrada com Recuperação de Crédito | C3: 2
A4: 1 | B4: Entrada Tributável com Alíquota Zero | C4: 3
A5: 2 | B5: Entrada Isenta | C5: 4
A6: 3 | B6: Entrada Não-Tributada | C6: 5
A7: 4 | B7: Entrada Imune | C7: 6
A8: 5 | B8: Entrada com Suspensão | C8: 7
A9: 49 | B9: Outras Entradas | C9: 8
A10: 50 | B10: Saída Tributada | C10: 9
A11: 51 | B11: Saída Tributável com Alíquota Zero | C11: 10
A12: 52 | B12: Saída Isenta | C12: 11
A13: 53 | B13: Saída Não-Tributada | C13: 12
A14: 54 | B14: Saída Imune | C14: 13
... A16: 99 | B16: Outras Saídas | C16: 15
C17: 16
C18: 17
C19: 18
C20: 19
C21: 20
